AoeStats
← Cuervo

Lombardia

508579201Analyzed
4v4 RM · 9d ago on Sep 23, 2026· 68m 39s· 8 players
Game mode
Random Map
Map size
Large (8 player)
Population
200
Speed
Normal
Resources
Standard
Victory
Conquest
Starting age
Dark Age
Ending age
Imperial Age
RankedLock teamsTeams togetherTeam positionsShared explorationLock speedFull tech treeHidden civsTurbo modeCheats
Victory
Defeat
🇨🇱 Varangians · Chile
1163
+11
🇦🇷 Bulgarians · Argentina
1112
+13
🇦🇷 Koreans · Argentina
1103
+14
🇦🇷 Mongols · Argentina
1056
+16
🇮🇳 Romans · India
1080
-36
🇩🇪 Varangians · Germany
1056
-14
🇺🇸 Ethiopians · United States
1046
-13
🇲🇽 Franks · Mexico
1026
-12
Ferbet_h
3:51 Loom
11:58 Feudal Age
16:56 Castle Age
17:13 Double-Bit Axe
17:23 Gold Mining
18:16 Scale Barding Armor
19:26 Bow Saw
31:03 Chain Barding Armor
30:54 Forging
34:56 Husbandry
38:42 Imperial Age
38:43 Iron Casting
39:22 Caravan
39:11 Cavalier
41:03 Plate Barding Armor
46:21 Paladin
51:18 Wheelbarrow
55:34 Hand Cart
55:05 Town Watch
60:35 Light Cavalry
X Saint
10:44 Feudal Age
11:53 Loom
12:44 Double-Bit Axe
17:56 Castle Age
16:49 Gold Mining
18:21 Stone Mining
19:20 Bow Saw
19:47 Gold Shaft Mining
23:53 Horse Collar
26:45 Heavy Plow
27:50 Sanctity
33:29 Imperial Age
31:00 Crossbowman
31:34 Fletching
31:45 Padded Archer Armor
31:52 Thumb Ring
34:13 Torsion Engines
36:06 Chemistry
36:28 Heavy Scorpion
47:32 Arbalester
48:41 Bodkin Arrow
54:41 Ballistics
58:20 Caravan
59:19 Bracer
59:34 Leather Archer Armor
61:10 Halberdier
62:37 Wheelbarrow
61:47 Town Watch
64:04 Ring Archer Armor
65:52 Scale Mail Armor
66:03 Forging
陟遐自迩
0:30 Loom
12:20 Feudal Age
13:39 Horse Collar
20:56 Castle Age
20:34 Forging
20:30 Scale Barding Armor
20:34 Stone Mining
20:33 Double-Bit Axe
22:27 Fletching
22:43 Heavy Plow
22:55 Bow Saw
25:41 Gold Mining
26:29 Wheelbarrow
28:04 Stone Shaft Mining
28:06 Iron Casting
28:36 Husbandry
28:47 Bloodlines
29:39 Vendel Legacy
32:10 Chain Barding Armor
36:45 Imperial Age
34:58 Town Watch
35:36 Hand Cart
36:16 Ballistics
38:22 Crop Rotation
39:08 Two-Man Saw
38:30 Conscription
38:18 Elite Jarl
41:34 Blast Furnace
41:11 Plate Barding Armor
42:04 Cavalier
44:29 Chemistry
43:41 Masonry
55:03 Caravan
56:07 Squires
55:44 Light Cavalry
60:14 Hussar
HeldLyric8875
12:12 Feudal Age
11:51 Loom
12:19 Man-at-Arms
13:22 Scale Mail Armor
13:48 Double-Bit Axe
17:25 Forging
24:54 Castle Age
25:03 Pikeman
25:43 Squires
27:46 Chain Mail Armor
28:07 Iron Casting
56:29 Wheelbarrow
58:42 Hand Cart
61:01 Caravan
61:38 Bow Saw
70:33 Imperial Age
VZ | Thyrfing
10:25 Feudal Age
11:58 Double-Bit Axe
15:14 Castle Age
16:05 Loom
16:38 Scale Barding Armor
16:46 Forging
16:42 Gold Mining
18:25 Horse Collar
23:39 Bloodlines
23:34 Husbandry
25:17 Chain Barding Armor
26:35 Iron Casting
32:33 Bow Saw
32:27 Heavy Plow
35:37 Wheelbarrow
42:07 Imperial Age
41:23 Hand Cart
42:16 Cavalier
43:46 Plate Barding Armor
44:12 Blast Furnace
46:29 Vendel Legacy
47:30 Conscription
51:17 Caravan
52:47 Coinage
54:49 Light Cavalry
58:42 Hussar
65:21 Fletching
65:31 Padded Archer Armor
67:36 Ballistics
68:18 Chemistry
67:31 Fortified Wall
67:33 Masonry
67:09 Heavy Mounted Crossbowman
67:14 Cranequins
67:59 Bodkin Arrow
68:21 Leather Archer Armor
VikhyatArg
7:33 Loom
9:48 Feudal Age
16:15 Castle Age
15:18 Double-Bit Axe
15:18 Horse Collar
16:41 Scale Barding Armor
18:27 Forging
25:31 Bow Saw
27:00 Bloodlines
26:50 Husbandry
30:01 Heavy Plow
30:51 Chain Barding Armor
34:59 Wheelbarrow
34:38 Devotion
37:43 Imperial Age
36:39 Iron Casting
37:25 Gold Mining
37:28 Stone Mining
38:02 Elite Konnik
40:24 Blast Furnace
40:02 Plate Barding Armor
40:29 Blast Furnace
39:35 Arson
39:51 Squires
43:26 Scale Mail Armor
44:01 Conscription
44:51 Stirrups
45:40 Gold Shaft Mining
48:31 Chain Mail Armor
48:51 Plate Barding Armor
48:34 Chain Mail Armor
48:59 Stone Shaft Mining
51:31 Murder Holes
52:42 Masonry
52:54 Ballistics
53:07 Fletching
53:51 Plate Mail Armor
53:11 Fletching
54:33 Caravan
57:32 Light Cavalry
58:12 Bodkin Arrow
58:57 Hussar
60:34 Hand Cart
60:10 Town Watch
64:28 Bracer
64:31 Padded Archer Armor
65:46 Chemistry
65:18 Architecture
Cuervo
7:51 Loom
9:38 Feudal Age
10:57 Feudal Age
15:17 Castle Age
13:33 Double-Bit Axe
22:20 Crossbowman
25:03 Horse Collar
28:18 Thumb Ring
28:55 Wheelbarrow
29:30 Fletching
30:23 Bodkin Arrow
32:10 Squires
32:46 Scale Mail Armor
32:57 Forging
36:24 Bow Saw
42:17 Imperial Age
42:41 Elite Fire Lancer
43:52 Bracer
44:30 Iron Casting
45:40 Chemistry
45:00 Ballistics
49:37 Gold Mining
49:40 Stone Mining
50:46 Chain Mail Armor
52:35 Hand Cart
52:06 Town Watch
58:15 Plate Mail Armor
57:46 Bracer
59:59 Pikeman
64:09 Halberdier
65:58 Town Patrol
68:27 Gold Shaft Mining
68:28 Stone Shaft Mining
68:04 Heavy Plow
Zamba
9:23 Feudal Age
11:05 Feudal Age
15:02 Castle Age
13:02 Horse Collar
13:25 Double-Bit Axe
16:36 Loom
17:46 Bow Saw
19:36 Fletching
21:21 Husbandry
22:17 Bloodlines
26:08 Scale Barding Armor
27:28 Wheelbarrow
27:59 Forging
35:26 Imperial Age
33:31 Bodkin Arrow
35:12 Thumb Ring
35:31 Ballistics
36:37 Parthian Tactics
38:32 Chemistry
37:37 Bracer
37:33 Heavy Cavalry Archer
41:05 Elite Steppe Lancer
49:22 Hand Cart
48:53 Town Watch
49:46 Padded Archer Armor
50:36 Town Patrol
51:52 Conscription
52:52 Elite Mangudai
54:54 Masonry
56:15 Leather Archer Armor
Connection lost

Rejoining the realm…

Still unreachable

The connection could not be restored.

Session expired

The server has moved on; the page needs a fresh start.